 Dungeon Crawl Stone Soup version 0.30-a0-948-g4fa250aae5 (webtiles) character file.

Game seed: 9712670311149377295

77 Indoburn the Ruffian (level 4, -2/35 HPs)
             Began as a Demonspawn Fighter on Mar 27, 2023.
             Slain by Robin
             ... wielding a +0 falchion
              (4 damage)
             ... on level 3 of the Dungeon.
             The game lasted 00:01:44 (1840 turns).

Indoburn the Ruffian (Demonspawn Fighter)           Turns: 1840, Time: 00:01:45

Health: -2/35      AC:  6    Str: 18    XL:     4   Next: 13%
Magic:  4/4        EV:  9    Int: 10    God:
Gold:   114        SH:  8    Dex: 12    Spells: 3/3 levels left

rFire   . . .      SeeInvis .      - Unarmed
rCold   . . .      Faith    .    b - +0 buckler
rNeg    . . .      Spirit   .    a - +0 scale mail
rPois   .          Reflect  .    (no helmet)
rElec   .          Rampage  .    (no cloak)
rCorr   .                        (no gloves)
Will    .....                    (no boots) Stlth
                                 f - amulet of regeneration
HPRegen 1.05/turn                (no ring)
MPRegen 0.09/turn                (no ring)

@: no status effects
A: large bone plates 1, demonic magic 1, demonic touch 1
a: no special abilities


You were on level 3 of the Dungeon.
You visited 1 branch of the dungeon, and saw 3 of its levels.

You collected 114 gold pieces.

Inventory:

Armour
 a - a +0 scale mail (worn)
 b - a +0 buckler (worn)
Jewellery
 f - an amulet of regeneration (around neck)
 g - a ring of willpower
Scrolls
 e - 2 scrolls of identify {unknown}
 h - a scroll of teleportation {unknown}
 j - a scroll of acquirement {unknown}
 l - a scroll of fog {unknown}
 m - a scroll of enchant armour {unknown}
Potions
 c - 2 potions of might
 d - 2 potions of attraction {unknown}
 i - 2 potions of heal wounds {unknown}
 k - 2 potions of degeneration {unknown}
 n - a potion of resistance {unknown}


   Skills:
 - Level 3.0 Fighting
 - Level 2.6 Armour
 - Level 2.6 Shields
 + Level 4.0 Unarmed Combat


You had 3 spell levels left.
You didn't know any spells.
Your spell library contained the following spells:

 Spells                   Type           Power      Damage    Failure   Level
 Ignite Poison            Fire/Tmut/Pois 0%         N/A       99%         3
 Sticky Flame             Conj/Fire      0%         2d3       100%        4
 Ignition                 Fire           0%         3d3       100%        8


Dungeon Overview and Level Annotations

Branches:
Dungeon (3/15)

Altars:
Xom

Annotations:
D:3 Robin


Innate Abilities, Weirdness & Mutations

You are partially covered in large bone plates. (SH +4)
Spells you cast may paralyse adjacent enemies.
Your touch may inflict minor irresistible damage on your foes.


Message History

You barely miss the frilled lizard.
The goblin no longer looks unusually strong.
The frilled lizard bites you but does no damage.
Robin roars a battlecry!
The goblin goes into a battle-frenzy!
The goblin hits you but does no damage. The goblin barely misses you.
You block the goblin's attack.
You hit the frilled lizard.
The frilled lizard is moderately wounded.
You block the frilled lizard's attack. Robin hits you with a +0 falchion.
* * * LOW HITPOINT WARNING * * *
You block the goblin's attack. The goblin barely misses you.
The goblin hits you but does no damage.
Unknown command.
You closely miss the frilled lizard.
The goblin no longer looks unusually strong.
The frilled lizard closely misses you.
The goblin hits you but does no damage. x2
The goblin hits you with a +0 club.
* * * LOW HITPOINT WARNING * * *
You closely miss the frilled lizard.
The frilled lizard bites you but does no damage.
The goblin hits you but does no damage. x2; You block the goblin's attack.
Unknown command.
You punch the frilled lizard!
You kill the frilled lizard!
The hobgoblin hits you.
* * * LOW HITPOINT WARNING * * *
The goblin closely misses you. The goblin hits you but does no damage.
The goblin hits you with a +0 club.
* * * LOW HITPOINT WARNING * * *
Found a chain mail.
You block the goblin's attack.
Robin roars a battlecry!
The goblin goes into a battle-frenzy!
The hobgoblin hits you.
* * * LOW HITPOINT WARNING * * *
The goblin hits you but does no damage.
Things that are here:
a +0 club; a +0 leather armour Robin attacks as you move away!
Robin hits you with a +0 falchion.
You die...

#.......#.#
#.......#.#
.####....)..#.#
...............
.#####..#######
.#####..#######
......)g......[
...###gg#######
. +..g@g......
##...g......
#..........
#..........
#..........
#..........
#..........
#.....[....


You could see Robin, a hobgoblin (strong) and 4 goblins.

Vanquished Creatures
  An adder (D:2)
  2 worms (D:2)
  2 dart slugs
  An orc (D:3)
  5 endoplasms
  5 giant cockroaches
  A hobgoblin (D:1)
  8 jackals
  2 quokkas (D:1)
  4 ball pythons
  2 bats (D:1)
  6 frilled lizards
  7 goblins
  3 kobolds
  6 rats
55 creatures vanquished.

Notes
Turn   | Place    | Note
-------+----------+-------------------------------------------
     0 | D:1      | Indoburn the Demonspawn Fighter began the quest for the
                  | Orb.
     0 | D:1      | Reached XP level 1. HP: 18/18 MP: 1/1
    91 | D:1      | Reached skill level 2 in Unarmed Combat
   139 | D:1      | Gained mutation: Your touch may inflict minor irresistible
                  | damage on your foes. [demonic ancestry]
   139 | D:1      | Reached XP level 2. HP: 14/24 MP: 2/2
   506 | D:1      | Reached skill level 3 in Unarmed Combat
  1082 | D:2      | Gained mutation: You are partially covered in large bone
                  | plates. (SH +4) [demonic ancestry]
  1082 | D:2      | Reached XP level 3. HP: 23/29 MP: 3/3
  1344 | D:2      | Found a shimmering altar of Xom.
  1409 | D:2      | Identified the +6 dagger "Ruiney" {heavy, rPois}
  1661 | D:2      | Gained mutation: Spells you cast may paralyse adjacent
                  | enemies. [demonic ancestry]
  1661 | D:2      | Reached XP level 4. HP: 35/35 MP: 4/4
  1817 | D:3      | Noticed Robin
  1821 | D:3      | Reached skill level 4 in Unarmed Combat
  1840 | D:3      | Slain by Robin

Illustrated notes

Levels and vault maps discovered:
D:1:      roderic_dead_forest, layout_basic
D:2:      layout_basic, basic_altar, minmay_bisected
D:3:      layout_basic, mainiacjoe_overflow_divided_tiny,
          minmay_fractal_squares_diagonal_5, uniq_robin, uniq_natasha

Skill      XL: |  1  2  3  4 |
---------------+-------------+-----
Unarmed Combat | 2 3 4 |  4.0
Fighting       | |  3.0
Armour         | |  2.6
Shields        | |  2.6

Action                     |  1- 3 |  4- 6 || total
---------------------------+-------+-------++-------
  Melee: Unarmed           |   215 |    23 ||   238
 Armour: Scale mail        |   100 |    22 ||   122
  Dodge: Dodged            |    96 |    19 ||   115
  Block: Buckler           |    80 |    27 ||   107

Table legend: (Time is in decaauts)
 A = Elapsed time spent in this place.
 B = Non-inter-level travel time spent in this place.
 C = Inter-level travel time spent in this place.
 D = Time resting spent in this place.
 E = Time spent auto-exploring this place.
 F = Levels seen in this place.
 G = Mean time per level.
                   A        B        C        D        E       F      G
               +--------+--------+--------+--------+--------+-----+--------+
         Total |   1836 |   1787 |     49 |      0 |   1411 |   3 |  612.0 |
       Dungeon |   1836 |   1787 |     49 |      0 |   1411 |   3 |  612.0 |
               +--------+--------+--------+--------+--------+-----+--------+

Top non-repeatable levels by time:
     D:1: 1073 daAuts
     D:2: 622 daAuts
     D:3: 140 daAuts
